 Dungeon Crawl Stone Soup version 0.28-a0-1389-gc726bef33b (webtiles) character file.

Game seed: 16118555093910943013

2569 enile the Fighter (level 9, -3/78 (82) HPs)
             Began as a Yellow Draconian Wanderer on Jan 3, 2022.
             Was an Elder of Ru.
             Slain by a wight (7 damage)
             ... on level 7 of the Dungeon.
             The game lasted 00:22:35 (8030 turns).

enile the Fighter (Yellow Draconian Wanderer)       Turns: 8030, Time: 00:22:36

HP:   -3/78 (82)    AC:  7    Str: 15    XL:     9   Next: 31%
MP:   8/10          EV: 10    Int:  8    God:    Ru [****..]
Gold: 351           SH:  0    Dex: 21    Spells: 7/10 levels left

rFire   . . .      SeeInvis .   C - +2 flail (holy)
rCold   . . .      Faith    .   (no shield)
rNeg    . . .      Spirit   .   (armour unavailable)
rPois   .          Reflect  .   (helmet restricted)
rElec   .          Harm     .   (no cloak)
rCorr   +          Rampage  .   (no gloves)
Will    .....                   (no boots)
Stlth   +++.......              (no amulet)
HPRegen 1.03/turn               (no ring)
MPRegen 0.12/turn               (no ring)

@: brilliant, short of breath, very slightly contaminated, slowed, lightly
drained, very slow
A: spit acid, AC +7, unfitting armour, cold-blooded, hated by all, reduced EV 1,
weak-willed 1, acid resistance, agile 1, regeneration 1, subdued magic 1,
devolution 1
a: Breathe Acid, Renounce Religion, Draw Out Power, Power Leap


You were on level 7 of the Dungeon.
You worshipped Ru.
Ru was greatly pleased with you.
You visited 1 branch of the dungeon, and saw 7 of its levels.

You collected 351 gold pieces.

Inventory:

Hand Weapons
 a - a +3 dagger
 l - a +1 vorpal hand axe
 o - a +0 falchion
 r - a +0 dagger of holy wrath
 w - a +0 lajatang
 C - a +2 flail of holy wrath (weapon)
Missiles
 j - 246 stones
 y - 3 javelins
Jewellery
 g - a ring of see invisible
Wands
 v - a wand of flame (14) (quivered)
Scrolls
 c - 8 scrolls of teleportation
 d - a scroll of enchant armour {unknown}
 e - 2 scrolls of immolation
 f - 4 scrolls of identify {unknown}
 h - 2 scrolls of enchant weapon {unknown}
 i - 2 scrolls of fog {unknown}
 k - 3 scrolls of amnesia {unknown}
 u - a scroll of brand weapon {unknown}
 x - a scroll of magic mapping {unknown}
 B - a scroll of vulnerability {unknown}
 D - a scroll of fear {unknown}
Potions
 b - 2 potions of invisibility
 n - a potion of attraction {unknown}
 p - a potion of brilliance
 q - 2 potions of might {unknown}
 s - 2 potions of cancellation {unknown}
 t - a potion of haste {unknown}
 z - a potion of ambrosia {unknown}
 A - a potion of mutation


   Skills:
 + Level 8.3 Fighting
 - Level 3.0 Short Blades
 - Level 2.0 Axes
 - Level 5.0 Throwing
 - Level 5.0 Dodging
 - Level 3.0 Stealth
 - Level 3.0 Unarmed Combat
 - Level 1.0 Spellcasting
 - Level 5.0 Evocations


You had 7 spell levels left.
You knew the following spells:

 Your Spells              Type           Power      Damage    Failure   Level
a - Teleport Other        Tloc           0%         N/A       71%         3

Your spell library contained the following spells:

 Spells                   Type           Power      Damage    Failure   Level
 Shock                    Conj/Air       0%         1d3       32%         1
 Gell's Gravitas          Tloc           0%         N/A       71%         3
 Iskenderun's Mystic Bla  Conj/Tloc      0%         2d3       98%         4
 Fireball                 Conj/Fire      0%         3d3       100%        5
 Dispersal                Tloc           0%         N/A       100%        6
 Chain Lightning          Conj/Air       0%         N/A       100%        9


Dungeon Overview and Level Annotations

Branches:
Dungeon (7/15)             Temple (0/1) D:6

Altars:
Cheibriados
Elyvilon
Kikubaaqudgha
Makhleb
Ru
Trog
Uskayaw
Yredelemnul
The Shining One

Annotations:
D:5 1 runed translucent door
D:6 2 transporters


Innate Abilities, Weirdness & Mutations

You can spit globs of acid.
Your golden yellow scales are hard. (AC +7)
You cannot fit into any form of body armour.
You are cold-blooded and may be slowed by cold attacks.
You are hated by all.
You have somewhat slow reflexes. (EV -5)
You are slightly weak-willed. (Will-)
You are resistant to acid. (rCorr)
You are agile. (Dex +2)
Your natural rate of healing is unusually fast.
Your spells are a little easier to cast, but a little less powerful.
You have hidden genetic defects.


Message History

The wight is stunned by your conviction and fails to attack.
The wight closely misses you.
Unknown command.
Press: ? - help, Shift-Dir - straight line, f/p - wight
Aim: a wight, wielding a +4 great sword and wearing a +0 robe You spit a glob of acid.
The glob of acid misses the wight.
The wight hits you with a +4 great sword!
You feel drained.
The wight hits you with a +3 dire flail of freezing!
The wight freezes you.
You focus your inner power and blind the wight in retribution!
Okay, then.
Okay, then.
This is a scroll of acquirement!
Something appears at your feet!
The wight hits you with a +4 great sword!
* * * LOW HITPOINT WARNING * * *
You feel drained.
* * * LOW HITPOINT WARNING * * *
The wight barely misses you.
Okay, then.
Okay, then.
It was a potion of brilliance.
You feel clever all of a sudden.
The wight is stunned by your conviction and fails to attack.
The wight hits you with a +3 dire flail of freezing.
* * * LOW HITPOINT WARNING * * *
The wight freezes you.
* * * LOW HITPOINT WARNING * * *
It was a potion of mutation.
You feel extremely strange.
You begin to heal more quickly.
Your connection to magic feels subdued.
You feel a hidden malignance growing inside you.
You feel agile.
You are no longer locked in place.
The wight closely misses you. x2
Okay, then.
The wight hits you with a +3 dire flail of freezing!
* * * LOW HITPOINT WARNING * * *
You feel yourself slow down. The wight freezes you!
You die...

#.# #.# ..# #.#
..# #)# ... #.#
#.# ##.###.#
##...##.#
###.#.#.#z###.###.
#.....##.@z).!...#
#.#.###.#####.###.
#.##.#.# #.# #.#
#.# ### #.#
#.########
#........#
########.#


You could see 2 wights.

Vanquished Creatures
  Grinder (D:6)
  6 yaks (D:6)
  Menkaure (D:4)
  Edmund (D:6)
  A sky beast (D:6)
  A necrophage (D:6)
  A bullfrog (D:7)
  3 scorpions
  A water moccasin skeleton (D:6)
  5 wights
  A jelly (D:5)
  3 hounds
  A centaur zombie (D:6)
  A bullfrog skeleton (D:5)
  A bullfrog zombie (D:6)
  A centaur skeleton (D:5)
  5 iguanas
  2 orc wizards
  A killer bee zombie (D:6)
  A hound zombie (D:5)
  A hound skeleton (D:5)
  10 adders
  An ufetubus (D:6)
  An adder skeleton (D:4)
  A dart slug (D:2)
  16 orcs
  6 ball pythons
  3 endoplasms
  3 giant cockroaches
  2 goblins
  8 hobgoblins
  9 jackals
  9 kobolds
  2 quokkas
  A bat (D:2)
  A frilled lizard (D:2)
  A jackal skeleton (D:4)
  2 rats
115 creatures vanquished.

Notes
Turn   | Place    | Note
-------+----------+-------------------------------------------
     0 | D:1      | enile the Draconian Wanderer began the quest for the Orb.
     0 | D:1      | enile set off with the following items: a +3 dagger, a
                  | potion of invisibility, a scroll of teleportation
     0 | D:1      | Reached XP level 1. HP: 17/17 MP: 1/1
    24 | D:1      | Found a faded altar of an unknown god.
    29 | D:1      | Prayed at the altar of an unknown god.
    29 | D:1      | Became a worshipper of Ru the Awakened
    36 | D:1      | Gained mutation: You have somewhat slow reflexes. (EV -5)
                  | [Ru sacrifice]
    36 | D:1      | Reached * piety under Ru
   504 | D:1      | Reached XP level 2. HP: 20/25 MP: 2/2
   509 | D:1      | Reached skill level 3 in Fighting
   660 | D:1      | Reached skill level 1 in Short Blades
  1189 | D:2      | Reached XP level 3. HP: 26/31 MP: 3/3
  1843 | D:2      | Reached skill level 4 in Fighting
  2130 | D:3      | Found a burning altar of Makhleb.
  2131 | D:3      | Found a glowing golden altar of the Shining One.
  2134 | D:3      | Found a hide-covered altar of Uskayaw.
  2162 | D:3      | Reached XP level 4. HP: 40/40 MP: 4/4
  2185 | D:3      | Gained mutation: You are hated by all. [Ru sacrifice]
  2185 | D:3      | Reached ** piety under Ru
  2185 | D:3      | Reached *** piety under Ru
  3119 | D:4      | Reached skill level 1 in Throwing
  3239 | D:4      | Reached XP level 5. HP: 46/46 MP: 5/5
  3612 | D:4      | Noticed Menkaure
  3625 | D:4      | Killed Menkaure
  3626 | D:4      | Reached skill level 5 in Fighting
  3626 | D:4      | Reached XP level 6. HP: 56/56 MP: 6/6
  4216 | D:4      | Found an ancient bone altar of Kikubaaqudgha.
  4216 | D:4      | Found a snail-covered altar of Cheibriados.
  4380 | D:5      | Entered Level 5 of the Dungeon
  4394 | D:5      | Found a white marble altar of Elyvilon.
  4589 | D:5      | Your scales start taking on a golden yellow colour.
  4589 | D:5      | Reached XP level 7. HP: 57/61 MP: 7/7
  4589 | D:5      | Gained mutation: You are resistant to acid. (rCorr) [Yellow
                  | Draconian growth]
  4899 | D:5      | Reached skill level 6 in Fighting
  5064 | D:5      | Noticed a human
  5065 | D:5      | Found a runed translucent door.
  5252 | D:5      | Found a bloodstained altar of Trog.
  5374 | D:6      | Found a staircase to the Ecumenical Temple.
  5413 | D:6      | Gained mutation: You are slightly weak-willed. (Will-) [Ru
                  | sacrifice]
  5413 | D:6      | Reached **** piety under Ru
  5595 | D:6      | Noticed Edmund
  5608 | D:6      | Killed Edmund
  5727 | D:6      | Noticed a yak
  5728 | D:6      | Noticed a yak
  5728 | D:6      | Noticed a yak
  5729 | D:6      | Noticed a yak
  5729 | D:6      | Noticed a yak
  5730 | D:6      | Noticed a yak
  5750 | D:6      | Killed a yak
  5770 | D:6      | Killed a yak
  5771 | D:6      | Reached XP level 8. HP: 41/71 MP: 8/8
  5803 | D:6      | Reached skill level 7 in Fighting
  5941 | D:6      | Reached skill level 8 in Fighting
  6289 | D:6      | Noticed Grinder
  6298 | D:6      | Killed Grinder
  6299 | D:6      | Reached skill level 5 in Throwing
  6581 | D:6      | Reached skill level 5 in Evocations
  6581 | D:6      | Reached XP level 9. HP: 66/81 MP: 9/9
  6675 | D:6      | Found a transporter.
  6731 | D:6      | Reached skill level 1 in Spellcasting
  6742 | D:6      | Reached skill level 1 in Axes
  7363 | D:6      | Reached skill level 5 in Dodging
  7443 | D:6      | Found a transporter.
  7499 | D:6      | Got the Compendium of Attacks
  7948 | D:7      | Learned a level 3 spell: Teleport Other
  8027 | D:7      | Identified a scroll of acquirement
  8027 | D:7      | Acquired the +8 mithril axe "Arga" {speed, Will+}
  8027 | D:7      | Found the +8 mithril axe "Arga" {speed, Will+}
  8029 | D:7      | Gained mutation: Your natural rate of healing is unusually
                  | fast. [potion of mutation]
  8029 | D:7      | Gained mutation: Your spells are a little easier to cast,
                  | but a little less powerful. [potion of mutation]
  8029 | D:7      | Gained mutation: You have hidden genetic defects. [potion
                  | of mutation]
  8029 | D:7      | Gained mutation: You are agile. (Dex +2) [potion of
                  | mutation]
  8030 | D:7      | Slain by a wight

Illustrated notes

Levels and vault maps discovered:
D:1:      minmay_arrival_checkered_box, layout_loops_corners,
          ebering_ecumenical_altar_hall, minmay_hexomino_u4
D:2:      layout_basic
D:3:      layout_loops_cross, grunt_temple_overflow_open, minmay_quadrilaterals
D:4:      layout_basic, gammafunk_temple_overflow_statue, uniq_menkaure
D:5:      layout_loops_ring, lightli_temple_of_fire, dk_yredelemnul_ordeal,
          elyvilon_altar_1
D:6:      gammafunk_cloud_chamber, layout_loops_ring,
          minmay_temple_entry_butterflies, minivault_1, grunt_decor_arrowhead,
          chequers_jeans, supply_closet_lemuel, minmay_circle_x, uniq_edmund,
          uniq_grinder
D:7:      layout_loops_ring

Skill      XL: |  1  2  3  4  5  6  7  8  9 |
---------------+----------------------------+-----
Fighting       | 3 4 5 6 8 |  8.3
Short Blades   | 1 2 3 |  3.0
Dodging        | 2 3 4 5 |  5.0
Throwing       | 1 2 3 4 5 |  5.0
Evocations     | 2 3 5 |  5.0
Stealth        | 3 |  3.0
Spellcasting   | 1 |  1.0
Axes           | 2 |  2.0
Unarmed Combat | |  3.0

Action                   |  1- 3 |  4- 6 |  7- 9 || total
-------------------------+-------+-------+-------++-------
Melee: Dagger            |    79 |   117 |    73 ||   269
       Tailslap          |     9 |    19 |    18 ||    46
       Punch             |     2 |     2 |     4 ||     8
       Hand axe          |       |       |    50 ||    50
       Flail             |       |       |    12 ||    12
Throw: Stone             |     4 |     6 |     1 ||    11
       Javelin           |     6 |    21 |     7 ||    34
Invok: Sacrifice Health  |     1 |       |       ||     1
       Sacrifice Love    |       |     1 |       ||     1
       Sacrifice Essence |       |       |     1 ||     1
 Abil: Breathe Acid      |       |       |    27 ||    27
Evoke: Wand              |       |     3 |    10 ||    13
  Use: Scroll            |     2 |       |     1 ||     3
       Potion            |       |       |     3 ||     3
 Stab: Sleeping          |     4 |     6 |     4 ||    14
       Distracted        |       |     1 |       ||     1
       Invisible         |       |       |     5 ||     5
Armor: Skin              |    33 |    50 |    41 ||   124
Dodge: Dodged            |    27 |    38 |    74 ||   139

Table legend: (Time is in decaauts)
 A = Elapsed time spent in this place.
 B = Non-inter-level travel time spent in this place.
 C = Inter-level travel time spent in this place.
 D = Time resting spent in this place.
 E = Time spent auto-exploring this place.
 F = Levels seen in this place.
 G = Mean time per level.
                   A        B        C        D        E       F      G
               +--------+--------+--------+--------+--------+-----+--------+
         Total |   8033 |   7540 |    493 |    278 |   5999 |   7 | 1147.6 |
       Dungeon |   8033 |   7540 |    493 |    278 |   5999 |   7 | 1147.6 |
               +--------+--------+--------+--------+--------+-----+--------+

Top non-repeatable levels by time:
     D:6: 2311 daAuts
     D:4: 1296 daAuts
     D:2: 1073 daAuts
     D:1: 1038 daAuts
     D:5: 986 daAuts
     D:3: 966 daAuts
     D:7: 360 daAuts
